 Dungeon Crawl Stone Soup version 0.30-a0-824-g6c64550be9 (webtiles) character file.

Game seed: 15315030091107935409

30107 ytrimaz the Severer (level 13, -2/91 HPs)
             Began as a Formicid Fighter on Feb 27, 2023.
             Was the Champion of Okawaru.
             Killed by divine providence
             ... invoked by a meliai
             ... summoned by a boggart
              (13 damage)
             ... on level 14 of the Dungeon.
             The game lasted 00:22:44 (12935 turns).

ytrimaz the Severer (Formicid Fighter)             Turns: 12935, Time: 00:22:44

Health: -2/91      AC: 23    Str: 22    XL:     13   Next: 86%
Magic:  13/13      EV:  6    Int: 10    God:    Okawaru [******]
Gold:   1658       SH: 15    Dex: 23    Spells: 12/12 levels left

rFire   + . .      SeeInvis +    D - +4 battleaxe
rCold   . . .      Faith    .    o - +0 kite shield
rNeg    . . .      Spirit   .    L - +0 plate armour
rPois   +          Reflect  .    (helmet unavailable)
rElec   .          Harm     .    m - +1 cloak of the Accordion {-Tele Dex+5}
rCorr   +          Rampage  .    f - +0 pair of gloves
Will    +....                    j - +2 pair of boots {Fly} Stlth
                                 s - amulet of regeneration
HPRegen 1.15/turn                P - ring of poison resistance
MPRegen 0.13/turn                M - ring of Zar Winio {rF+ rCorr Dex+3}

@: flying
A: permanent stasis, dig shafts and tunnels, antennae 3, four strong arms
a: Dig, Shaft Self, Renounce Religion, Heroism, Finesse, Duel


You were on level 14 of the Dungeon.
You worshipped Okawaru.
Okawaru was exalted by your worship.
You visited 3 branches of the dungeon, and saw 17 of its levels.
You also visited: Sewer.

You collected 1658 gold pieces.


Innate Abilities, Weirdness & Mutations

You cannot be hasted, slowed, berserked, paralysed or teleported.
You can dig through walls and to a lower floor.
You have a pair of large antennae on your head. (SInv)
Your four strong arms can wield two-handed weapons with a shield.


   Skills:
 + Level 5.0 Fighting
 - Level 16.4 Axes
 + Level 11.9 Armour
 - Level 15.0 Shields


You had 12 spell levels left.
You didn't know any spells.
Your spell library contained the following spells:

 Spells                   Type           Power      Damage    Failure   Level
 Apportation              Tloc           0%         N/A       100%        1
 Necrotise                Necr           0%         1d4       100%        1
 Slow                     Hex            0%         N/A       100%        1
 Lesser Beckoning         Tloc           0%         N/A       100%        2
 Scorch                   Fire           0%         2d5       100%        2
 Frozen Ramparts          Ice            0%         1d1       100%        3
 Hailstorm                Conj/Ice       0%         3d3       100%        3
 Inner Flame              Hex/Fire       0%         N/A       100%        3
 Vhi's Electric Charge    Tloc/Air       0%         N/A       100%        3
 Airstrike                Air            0%         2d(0-16)  100%        4
 Flame Wave               Conj/Fire      0%         2d4       100%        4
 Ice Form                 Ice/Tmut       0%         N/A       100%        4
 Sticky Flame             Conj/Fire      0%         2d3       100%        4
 Fireball                 Conj/Fire      0%         3d3       100%        5
 Lightning Bolt           Conj/Air       0%         1d11      100%        5
 Metabolic Englaciation   Hex/Ice        0%         N/A       100%        5
 Yara's Violent Unravell  Hex/Tmut       0%         3d3       100%        5
 Shatter                  Erth           0%         3d5*      100%        9
 Summon Small Mammal      Summ           Unusable   N/A       N/A         1
 Summon Ice Beast         Ice/Summ       Unusable   N/A       N/A         4
 Summon Lightning Spire   Summ/Air       Unusable   N/A       N/A         4
 Simulacrum               Ice/Necr       Unusable   N/A       N/A         6

Inventory:

Hand Weapons
 a - a +1 heavy war axe
 b - the +4 executioner's axe "Faxint" {freeze, Will+ Dex+3}
   (Okawaru gifted it to you on level 14 of the Dungeon)

   Dex:       It affects your dexterity (+3).
   Will:      It increases your willpower.
 D - a +4 battleaxe (weapon)
   (You took it off a wight on level 8 of the Dungeon)
 O - a +1 broad axe of flaming
   (Okawaru gifted it to you on level 2 of the Orcish Mines)
Missiles
 r - 3 throwing nets
Armour
 f - a +0 pair of gloves (worn)
   (You found it on level 1 of the Dungeon)
 j - a +2 pair of boots of flying (worn)
   (You found it on level 1 of the Dungeon)
 m - the +1 cloak of the Accordion (worn) {-Tele Dex+5}
   (You found it on level 2 of the Dungeon)

   Dex:       It affects your dexterity (+5).
   -Tele:     It prevents most forms of teleportation.
 o - a +0 kite shield (worn)
   (You found it on level 4 of the Dungeon)
 L - a +0 plate armour (worn)
   (You took it off an orc warrior on level 10 of the Dungeon)
Jewellery
 k - an amulet of faith
   (You found it on level 4 of the Dungeon)
 l - a ring of wizardry
   (You found it on level 2 of the Dungeon)
 q - the ring of Mosacama {rF- Will+ Dex+5}
   (You found it on level 3 of the Dungeon)

   [ring of willpower]

   Dex:       It affects your dexterity (+5).
   rF:        It makes you vulnerable to fire.
   Will:      It increases your willpower.
 s - an amulet of regeneration (around neck)
   (You found it on level 5 of the Dungeon)
 B - a ring of protection from fire
   (You found it on level 7 of the Dungeon)
 C - a ring of positive energy
   (You took it off an orc on level 8 of the Dungeon)
 F - a ring of magical power
   (You found it on level 8 of the Dungeon)
 I - a +4 ring of slaying
   (You found it on level 9 of the Dungeon)
 M - the ring of Zar Winio (right hand) {rF+ rCorr Dex+3}
   (You found it on level 9 of the Dungeon)

   [ring of resist corrosion]

   Dex:       It affects your dexterity (+3).
   rF:        It protects you from fire.
   rCorr:     It protects you from acid and corrosion.
 N - a +4 ring of protection
   (You found it on level 9 of the Dungeon)
 P - a ring of poison resistance (left hand)
   (You found it on level 13 of the Dungeon)
 R - a ring of protection from cold
   (You found it on level 13 of the Dungeon)
Wands
 p - a wand of mindburst (39)
   (You found it on level 3 of the Dungeon)
 t - a wand of polymorph (7)
   (You found it on level 9 of the Dungeon)
 x - a wand of light (8)
   (You found it on level 5 of the Dungeon)
 G - a wand of flame (15)
   (You found it on level 9 of the Dungeon)
 H - a wand of roots (3)
   (You found it on level 10 of the Dungeon)
Scrolls
 u - 3 scrolls of brand weapon
 w - a scroll of magic mapping
 y - 2 scrolls of fog
 z - 4 scrolls of amnesia
 J - 2 scrolls of identify
 K - 2 scrolls of enchant weapon
 Q - a scroll of silence
Potions
 c - a potion of cancellation
 d - 2 potions of might
 e - 2 potions of mutation
 g - 3 potions of resistance
 h - 7 potions of curing
 i - a potion of lignification
 n - a potion of heal wounds
 A - 5 potions of brilliance
 E - a potion of magic

Dungeon Overview and Level Annotations

Branches:
Dungeon (14/15) Zot: 26582  Temple (1/1) D:7 Zot: 5998    Lair (0/5) D:10
    Orc (2/2) D:12 Zot: 10558     Elf (0/3) Orc:2         Sewer (visited)
 Vaults: D:13-14

Altars:
Ashenzari
Kikubaaqudgha
Makhleb
Okawaru
Qazlal
Xom
Zin
The Shining One

Shops:
D:1 (   D:5 :   D:7 ?   D:12 *   D:13 **   Orc:2 *[(:

Annotations:
D:9 1 runed translucent door, cforsyth's ghost, novice KoBr

# ##..................#.##
##................##..####
#...............##......#
##.............##.####... #
#.............#.######## #.!
##.(..........†##...##
#..{{###............##.....##
#uuu.{........y...)##........
..##########.@ycy............
####u............. ######
##.y.........#
#..>.{##uu....^....##
#....{{uuy.#......##
....{u{{{y.#......#
....{{u{{u###......#
.....g.uu.# ##......#
.......g..# ##......#


You could see a white ugly thing (summoned), a centaur warrior (summoned), 2
vampire mosquitoes and 2 meliai.


Message History

The boggart blinks!
The boggart gestures wildly while chanting.
The boggart mumbles some strange words.
You slash the boggart! You hit the white ugly thing.
You barely miss the white ugly thing.
The centaur warrior shoots an arrow.
You block the arrow.
You hit the purple ugly thing. You slash the white ugly thing!
You hit the white ugly thing. You slash the purple ugly thing!
The purple ugly thing bites you but does no damage.
The boggart mumbles some strange words.
You block the white ugly thing's attack.
The white ugly thing basks in the mutagenic energy from its kin and changes!
Unknown command.
You barely miss the purple ugly thing. You slash the white ugly thing!
You barely miss the purple ugly thing. You slash the purple ugly thing!
You slash the white ugly thing!
The boggart mumbles some strange words.
The meliai invokes the aid of its god against you.
Something smites you!
The white ugly thing basks in the mutagenic energy from its kin and changes!
The white ugly thing kicks you but does no damage. 😕 HP[-11]
You take 11 damage, and now have 80/91 hp.
You slice the purple ugly thing!! You slash the purple ugly thing!
You barely miss the purple ugly thing. You slash the brown ugly thing!
You slice the white ugly thing!! You slash the white ugly thing!
You slice the meliai!!
The meliai invokes the aid of its god against you.
Something smites you! You block the meliai's attack. x2
The white ugly thing completely misses you.
The purple ugly thing bites you but does no damage.
The white ugly thing kicks you but does no damage.
The meliai hits you but does no damage.
The meliai stings you but does no damage.
The meliai mumbles some strange prayers to its god against you.
Something smites you! 😮 HP[-28]
You take 28 damage, and now have 52/91 hp.
MASSIVE DAMAGE!! (PAUSE) Unknown command.
Unknown command.
The meliai attacks as you move away! The meliai barely misses you.
The meliai stings you.
The purple ugly thing barely misses you.
The white ugly thing basks in the mutagenic energy from its kin and changes!
The white ugly thing tail-slaps you but does no damage.
The purple ugly thing stings you but does no damage.
You block the white ugly thing's attack.
You block the meliai's attack. x2 😮 HP[-4]
You take 4 damage, and now have 48/91 hp.
Unknown command.
The purple ugly thing attacks as you move away!
The purple ugly thing stings you!
* * * LOW HITPOINT WARNING * * *
The meliai attacks as you move away! The meliai hits you but does no damage.
The meliai stings you but does no damage.
The centaur warrior unwields a +0 longbow.
You block the centaur warrior's attack.
The centaur warrior kicks you but does no damage.
The purple ugly thing basks in the mutagenic energy from its kin and changes!
The white ugly thing basks in the mutagenic energy from its kin and changes!
The purple ugly thing basks in the mutagenic energy from its kin and changes! x2
You block the white ugly thing's attack.
The meliai mumbles some strange prayers to its god against you.
Something smites you!
* * * LOW HITPOINT WARNING * * *
The meliai hits you with a +0 hand axe.
* * * LOW HITPOINT WARNING * * *
The meliai stings you but does no damage.
The boggart mumbles some strange words.
The boggart flickers and vanishes for a moment. 😨 HP[-16]
You take 16 damage, and now have 32/91 hp.
Unknown command.
You block the meliai's attack.
The meliai stings you but does no damage.
You block the meliai's attack.
The meliai stings you but does no damage.
The centaur warrior hits you but does no damage.
You block the centaur warrior's attack. 😨 HP[+1]
The meliai calls upon its god to heal the meliai.
The meliai is healed somewhat.
The meliai invokes the aid of its god against you.
Something smites you!
* * * LOW HITPOINT WARNING * * *
😱 HP[-11]
You take 11 damage, and now have 22/91 hp.
The meliai attacks as you move away! You block the meliai's attack. x2
The meliai hits you but does no damage. You block the meliai's attack.
The meliai mumbles some strange prayers to its god against you.
Something smites you!
* * * LOW HITPOINT WARNING * * *
The purple ugly thing basks in the mutagenic energy from its kin and changes! 😱 HP[-12]
You take 12 damage, and now have 10/91 hp.
The meliai invokes the aid of its god against you.
Something smites you!
You die...

Skill      XL: |  1  2  3  4  5  6  7  8  9 10 11 12 13 |
---------------+----------------------------------------+-----
Fighting       | 4 5 |  5.0
Shields        | 6 8 10 12 14 15 | 15.0
Axes           | 3 4 5 7 9 11 13 15 16 | 16.4
Armour         | 5 9 11 | 11.9

Action                     |  1- 3 |  4- 6 |  7- 9 | 10-12 | 13-15 || total
---------------------------+-------+-------+-------+-------+-------++-------
  Melee: War axe           |    54 |    72 |   297 |   138 |       ||   561
         Battleaxe         |       |       |       |   288 |    60 ||   348
         Broad axe         |       |       |       |       |   127 ||   127
 Invoke: Heroism           |       |       |       |     7 |     1 ||     8
         Finesse           |       |       |       |       |     1 ||     1
Ability: Dig               |       |       |     2 |       |     1 ||     3
    Use: Scroll            |     3 |     6 |     9 |     7 |     2 ||    27
         Potion            |       |       |     4 |     3 |       ||     7
 Armour: Scale mail        |    26 |    42 |   142 |   136 |       ||   346
         Skin              |       |       |     5 |       |       ||     5
         Plate armour      |       |       |       |   109 |    93 ||   202
  Dodge: Dodged            |    23 |    21 |   121 |   153 |    28 ||   346
  Block: Buckler           |     9 |    29 |   139 |   167 |       ||   344
         Kite shield       |       |       |       |    99 |   132 ||   231

Levels and vault maps discovered:
D:1:      dpeg_arrival_rooms_c, layout_loops_ring, serial_shops, shop
D:2:      layout_basic, basic_altar
D:3:      layout_basic, serial_bayou_pond_d, uniq_grinder
D:4:      layout_rooms
D:5:      layout_basic, okawaru_altar_gauntlet_db, serial_shops,
          kennysheep_little_box, gup_sewer_entry_bubbles, minmay_hedge_maze,
          minmay_misc_feat_doors, corexii_hall_statues_i,
          lightli_church_of_beogh
D:6:      layout_basic
D:7:      layout_basic, minmay_temple_entry_glass, serial_shops, shop
D:8:      layout_loops_ring, hangedman_minor_gate_pass
D:9:      layout_basic, minitemple, hellmonk_ghost_big_iron,
          minmay_lindwurm_lava, uniq_maurice
D:10:     layout_roguey, lair_entry_dummy, grunt_decor_one_mirror, worms_lemuel
D:11:     layout_irregular_city, zin_academy
D:12:     layout_long_grid, orc_0_dummy, serial_shops, nicolae_square_shop,
          nicolae_concentric_dashed_squares_mild
D:13:     layout_rooms, chequers_serial_rivers_small_b, corexii_corridor_pit,
          nicolae_specific_store, drop_trap, uniq_erolcha
D:14:     layout_cave_pods, lightli_vaults_fourway_checkpoint, serial_rivers,
          chequers_serial_rivers_micro_d, chequers_serial_rivers_micro_d,
          chequers_serial_rivers_marsh, chequers_serial_rivers_micro_b
Temple:   minmay_crystal_spiral_temple
Orc:1:    layout_caves, uniq_nergalle
Orc:2:    grunt_orc_gardens, layout_caves, grunt_orc_garden, grunt_orc_garden,
          grunt_orc_garden, grunt_orc_garden, bh_open_orc_temple

Notes
Turn   | Place    | Note
-------+----------+-------------------------------------------
     0 | D:1      | ytrimaz the Formicid Fighter began the quest for the Orb.
     0 | D:1      | Reached XP level 1. HP: 18/18 MP: 1/1
     0 | D:1      | magus.rc [v1.9.6]
   252 | D:1      | Reached XP level 2. HP: 24/24 MP: 2/2
   262 | D:1      | Found Maesehog's Weapon Boutique.
   918 | D:2      | Reached XP level 3. HP: 28/30 MP: 3/3
  1037 | D:2      | Identified the +1 cloak of the Accordion {-Tele Dex+5}
  1242 | D:2      | Found a glowing golden altar of the Shining One.
  1413 | D:3      | Reached skill level 4 in Fighting
  1413 | D:3      | Reached XP level 4. HP: 22/37 MP: 4/4
  1523 | D:3      | Identified the ring of Mosacama {rF- Will+ Dex+5}
  1586 | D:3      | Reached skill level 5 in Shields
  1623 | D:3      | Noticed Grinder
  1628 | D:3      | Reached skill level 3 in Axes
  1643 | D:3      | Killed Grinder
  1644 | D:3      | Reached skill level 5 in Fighting
  1644 | D:3      | Reached skill level 6 in Shields
  1644 | D:3      | Reached XP level 5. HP: 25/44 MP: 5/5
  1644 | D:3      | Reached XP level 6. HP: 29/51 MP: 6/6
  1872 | D:3      | Reached skill level 4 in Axes
  2435 | D:4      | Reached XP level 7. HP: 56/56 MP: 7/7
  2562 | D:4      | Reached skill level 7 in Shields
  2679 | D:4      | You pick up a book of Flames and begin reading...
  2679 | D:4      | You add the spells Inner Flame, Sticky Flame and Flame Wave
                  | to your library.
  2763 | D:4      | Reached skill level 5 in Axes
  2963 | D:5      | Entered Level 5 of the Dungeon
  3171 | D:5      | HP: 4/56 [ogre/+0 giant spiked club (23)]
  3173 | D:5      | Reached skill level 8 in Shields
  3173 | D:5      | Reached XP level 8. HP: 6/62 MP: 8/8
  3259 | D:5      | Noticed a gargoyle
  3276 | D:5      | Killed a gargoyle
  3277 | D:5      | Reached skill level 6 in Axes
  3277 | D:5      | Reached skill level 9 in Shields
  3389 | D:5      | Found a runed translucent door.
  3407 | D:5      | Found Wuosur's Book Shoppe.
  3438 | D:5      | Found an iron altar of Okawaru.
  3453 | D:5      | Became a worshipper of Warmaster Okawaru
  3516 | D:5      | Reached skill level 7 in Axes
  3541 | D:5      | Found a glowing drain.
  3551 | Sewer    | Entered a sewer
  3675 | Sewer    | Reached skill level 10 in Shields
  3675 | Sewer    | Reached XP level 9. HP: 65/68 MP: 9/9
  4166 | D:5      | You add the spells Slow, Yara's Violent Unravelling,
                  | Metabolic Englaciation and Shatter to your library.
  4166 | D:5      | Got Sif Muna's Dissertation on the Syncline and Jinxing
  4628 | D:6      | Reached * piety under Okawaru
  4760 | D:6      | Reached skill level 8 in Axes
  4798 | D:6      | Reached skill level 11 in Shields
  4813 | D:6      | HP: 17/68 [white imp/puff of frost (12)]
  4957 | D:6      | Reached ** piety under Okawaru
  5244 | D:7      | Found Unuuck's Magic Scroll Boutique.
  5454 | D:7      | Reached skill level 9 in Axes
  5454 | D:7      | Reached skill level 12 in Shields
  5540 | D:7      | Reached XP level 10. HP: 74/74 MP: 10/10
  5754 | D:7      | Found a staircase to the Ecumenical Temple.
  6041 | D:8      | Reached skill level 13 in Shields
  6046 | D:8      | Reached skill level 10 in Axes
  6047 | D:8      | Reached *** piety under Okawaru
  6050 | D:8      | magus.rc [v1.9.6]
  6053 | D:8      | HP: 17/74 [yak (4)]
  6060 | D:8      | HP: 15/74 [yak (8)]
  6062 | D:8      | Received a gift from Okawaru
  6063 | D:8      | HP: 4/74 [orc priest/divine providence (13)]
  6079 | D:7      | HP: 18/74 [poisoned by a water moccasin]
  6084 | D:7      | HP: 17/74 [poisoned by a water moccasin]
  6250 | D:8      | Reached skill level 14 in Shields
  6614 | D:8      | Noticed an efreet
  6626 | D:8      | Killed an efreet
  6627 | D:8      | Reached skill level 11 in Axes
  6627 | D:8      | Reached XP level 11. HP: 25/79 MP: 11/11
  6692 | D:8      | Noticed a cyclops
  6702 | D:8      | Killed a cyclops
  6702 | D:8      | Reached **** piety under Okawaru
  7019 | D:9      | Reached skill level 15 in Shields
  7252 | D:9      | Noticed a lindwurm
  7254 | D:9      | Noticed a lindwurm
  7259 | D:9      | Noticed a lindwurm
  7278 | D:9      | Noticed a lindwurm
  7482 | D:9      | Found a shimmering altar of Xom.
  7483 | D:9      | Found a stormy altar of Qazlal.
  7485 | D:9      | Found a burning altar of Makhleb.
  7487 | D:9      | Found an ancient bone altar of Kikubaaqudgha.
  7523 | D:9      | Noticed Maurice
  7526 | D:9      | Reached skill level 12 in Axes
  7535 | D:9      | Killed Maurice
  7564 | D:9      | Found a runed translucent door.
  7564 | D:9      | Noticed cforsyth's ghost (novice KoBr)
  7595 | D:9      | Killed a lindwurm
  7596 | D:9      | HP: 17/79 [lindwurm/blast of flame (22)]
  7740 | D:10     | Entered Level 10 of the Dungeon
  7894 | D:10     | You add the spells Scorch, Lesser Beckoning, Vhi's Electric
                  | Charge and Fireball to your library.
  7894 | D:10     | Got Duxoixuwk's Catalogue of Planar Cinders
  8217 | D:10     | Reached skill level 13 in Axes
  8268 | D:10     | Found a staircase to the Lair.
  8381 | D:11     | Reached ***** piety under Okawaru
  8395 | D:11     | Reached skill level 4 in Armour
  8441 | D:11     | Found a glowing silver altar of Zin.
  8640 | D:5      | Received a gift from Okawaru
  8656 | D:5      | Reached skill level 5 in Armour
  8656 | D:5      | Reached XP level 12. HP: 62/86 MP: 12/12
  8747 | Temple   | Entered the Ecumenical Temple
  8826 | D:9      | HP: 17/86 [lindwurm (6)]
  8826 | D:9      | HP: 2/86 [lindwurm/blast of flame (14)]
  8832 | D:9      | Reached skill level 6 in Armour
  8928 | D:9      | Identified the ring of Zar Winio {rF+ rCorr Dex+3}
  9263 | D:11     | Reached skill level 14 in Axes
  9835 | D:12     | Found a staircase to the Orcish Mines.
  9862 | D:12     | Reached skill level 7 in Armour
 10017 | D:12     | Found Vydeipri's Assorted Antiques.
 10434 | Orc:1    | Entered Level 1 of the Orcish Mines
 10547 | Orc:1    | Noticed Nergalle
 10562 | Orc:1    | Killed Nergalle
 10771 | Orc:2    | Entered Level 2 of the Orcish Mines
 10806 | Orc:2    | Reached skill level 8 in Armour
 10851 | Orc:2    | Found Abrextaj's General Store.
 10852 | Orc:2    | Noticed an ettin
 10871 | Orc:2    | Killed an ettin
 11006 | Orc:2    | Noticed a stone giant
 11008 | Orc:2    | Found Nuecleoc's Antique Armour Shop.
 11022 | Orc:2    | Killed a stone giant
 11028 | Orc:2    | Reached skill level 9 in Armour
 11032 | Orc:2    | Reached skill level 15 in Axes
 11032 | Orc:2    | Reached XP level 13. HP: 56/91 MP: 13/13
 11082 | Orc:2    | Noticed an ettin
 11083 | Orc:2    | Found Viss's Antique Weapon Shoppe.
 11091 | Orc:2    | Killed an ettin
 11097 | Orc:2    | Received a gift from Okawaru
 11414 | Orc:2    | Noticed an ettin
 11418 | Orc:2    | Found Joqorer's Book Shop.
 11424 | Orc:2    | Killed an ettin
 11428 | Orc:2    | Reached skill level 10 in Armour
 11495 | Orc:2    | Found a staircase to the Elven Halls.
 11916 | D:13     | Noticed Erolcha
 11924 | D:13     | Killed Erolcha
 11950 | D:13     | You pick up a book of Cantrips and begin reading...
 11950 | D:13     | You add the spells Necrotise and Apportation to your
                  | library.
 12011 | D:13     | Reached skill level 11 in Armour
 12017 | D:13     | Reached skill level 16 in Axes
 12116 | D:13     | You pick up a book of Rime and begin reading...
 12116 | D:13     | You add the spells Frozen Ramparts and Ice Form to your
                  | library.
 12185 | D:13     | Found Poifeuwi's Specific Store.
 12187 | D:13     | Found Weoviath's General Store.
 12266 | D:13     | Reached ****** piety under Okawaru
 12519 | D:14     | You pick up a book of the Tundra and begin reading...
 12522 | D:14     | Noticed a centaur warrior
 12531 | D:14     | Killed a centaur warrior
 12574 | D:14     | You pick up a book of Storms and begin reading...
 12574 | D:14     | You add the spells Airstrike and Lightning Bolt to your
                  | library.
 12777 | D:14     | Noticed an eight-headed hydra
 12884 | D:14     | Identified the +4 executioner's axe "Faxint" {freeze, Will+
                  | Dex+3} (Okawaru gifted it to you on level 14 of the
                  | Dungeon)
 12884 | D:14     | Received a gift from Okawaru
 12924 | D:14     | Noticed a centaur warrior
 12924 | D:14     | Noticed an eight-headed hydra
 12933 | D:14     | HP: 22/91 [meliai/divine providence[a boggart] (12)]
 12934 | D:14     | HP: 10/91 [meliai/divine providence[a boggart] (13)]
 12935 | D:14     | Killed from afar by a meliai

Vanquished Creatures
  A stone giant (Orc:2)
  3 ettins (Orc:2)
  Erolcha (D:13)
  A centaur warrior (D:14)
  2 boulder beetles (D:13)
  An orc high priest (Orc:2)
  Nergalle (Orc:1)
  4 lindwurms (D:9)
  2 deep elf pyromancers
  13 cyclopes
  3 ugly things (D:14)
  An orc sorcerer (Orc:2)
  Maurice (D:9)
  2 gargoyles
  An unseen horror (shapeshifter) (D:13)
  2 efreet
  6 trolls
  Grinder (D:3)
  A wraith (D:10)
  2 shadows
  13 yaks
  A steam dragon (D:7)
  A vampire mosquito (D:8)
  4 acid dragons
  2 swamp worms (D:10)
  4 water moccasins
  A black bear (D:8)
  19 orc warriors
  2 sky beasts
  2 ice beasts
  8 ogres
  9 centaurs
  3 kobold brigands (Sewer)
  A phantom (D:6)
  3 gnoll sergeants
  5 bullfrogs
  A necrophage (D:4)
  5 scorpions
  11 wights
  7 killer bees
  A howler monkey (D:9)
  16 orc priests
  5 hounds
  2 jellies
  A gnoll bouda (D:5)
  5 iguanas
  20 orc wizards
  7 adders
  30 gnolls
  5 river rats
  A shadow imp (D:5)
  2 white imps
  2 ufetubi
  2 worms
  5 dart slugs
  80 orcs
  6 ball pythons
  5 endoplasms
  4 giant cockroaches
  6 goblins
  8 hobgoblins
  3 jackals (Sewer)
  4 quokkas
  6 bats
  8 frilled lizards
  3 kobolds
  6 rats
394 creatures vanquished.

Vanquished Creatures (others)
  A troll (D:13)
  A killer bee (D:6)
  3 fungi (Orc:2)
  13 plants
18 creatures vanquished.

Grand Total: 412 creatures vanquished

Table legend:
 A = Non-vault XP
 B = Vault XP
 C = Vault XP percentage of total XP
 D = Non-vault monster count
 E = Vault monster count
 F = Vault count percentage of total count
                 A         B        C        D         E       F
            +---------+---------+-------+---------+---------+-------
      Total |   25600 |   17410 |  40.5 |     304 |      92 |  23.2
            +---------+---------+-------+---------+---------+-------
        D:1 |      22 |       0 |   0.0 |      12 |       0 |   0.0
        D:2 |      19 |       0 |   0.0 |       8 |       0 |   0.0
        D:3 |     131 |     277 |  67.9 |      19 |       1 |   5.0
        D:4 |     361 |       0 |   0.0 |      26 |       0 |   0.0
        D:5 |    1150 |     659 |  36.4 |      18 |      38 |  67.9
        D:6 |    1305 |       0 |   0.0 |      24 |       0 |   0.0
        D:7 |    1266 |       0 |   0.0 |      24 |       0 |   0.0
        D:8 |    2236 |    1776 |  44.3 |      26 |       7 |  21.2
        D:9 |    1235 |    3197 |  72.1 |      27 |       5 |  15.6
       D:10 |    1768 |     308 |  14.8 |      20 |       2 |   9.1
       D:11 |    3004 |       0 |   0.0 |      18 |       0 |   0.0
       D:12 |    1284 |       0 |   0.0 |       4 |       0 |   0.0
       D:13 |    5054 |     878 |  14.8 |      15 |       1 |   6.2
       D:14 |    3550 |       0 |   0.0 |       6 |       0 |   0.0
      Orc:1 |    1192 |     785 |  39.7 |      26 |       1 |   3.7
      Orc:2 |    2023 |    9155 |  81.9 |      31 |      17 |  35.4
      Sewer |       0 |     375 | 100.0 |       0 |      20 | 100.0
            +---------+---------+-------+---------+---------+-------

Illustrated notes

Table legend:
 A = Kills in this place as a percentage of kills in entire the game.
 B = Kills by you in this place as a percentage of kills by you in the entire game.
 C = Kills by friends in this place as a percentage of kills by friends in the entire game.
 D = Other kills in this place as a percentage of other kills in the entire game.
 E = Experience gained in this place as a percentage of experience gained in the entire game.
 F = Experience gained in this place divided by the number of levels of this place that you have seen.
                   A       B       C       D       E      F
               +-------+-------+-------+-------+-------+----------------------
         Total | 100.0 | 100.0 |   N/A | 100.0 | 100.0 | 2389.4
       Dungeon |  76.0 |  75.9 |   N/A | 100.0 |  68.5 | 2105.7
  Orcish Mines |  18.9 |  19.0 |   N/A |   0.0 |  30.6 | 6577.5
         Sewer |   5.1 |   5.1 |   N/A |   0.0 |   0.9 | 375.0
               +-------+-------+-------+-------+-------+----------------------

Table legend: (Time is in decaauts)
 A = Elapsed time spent in this place.
 B = Non-inter-level travel time spent in this place.
 C = Inter-level travel time spent in this place.
 D = Time resting spent in this place.
 E = Time spent auto-exploring this place.
 F = Levels seen in this place.
 G = Mean time per level.
                   A        B        C        D        E       F      G
               +--------+--------+--------+--------+--------+-----+--------+
         Total |  13111 |  12376 |    735 |    731 |   8657 |  18 |  728.4 |
       Dungeon |  11186 |  10474 |    712 |    652 |   7385 |  14 |  799.0 |
        Temple |      1 |      1 |      0 |      0 |      0 |   1 |    1.0 |
  Orcish Mines |   1441 |   1418 |     23 |     79 |    958 |   2 |  720.5 |
         Sewer |    481 |    481 |      0 |      0 |    314 |   1 |  481.0 |
               +--------+--------+--------+--------+--------+-----+--------+

Top non-repeatable levels by time:
     D:5: 1313 daAuts
   Orc:2: 1093 daAuts
     D:3: 1015 daAuts
     D:9: 1000 daAuts
     D:8: 930 daAuts
     D:7: 921 daAuts
     D:1: 857 daAuts
    D:11: 841 daAuts
    D:13: 792 daAuts
     D:6: 737 daAuts
    D:12: 710 daAuts
    D:10: 705 daAuts
     D:4: 586 daAuts
     D:2: 564 daAuts
   Sewer: 481 daAuts
